 Dungeon Crawl Stone Soup version 0.24.0-125-gc4c63601f3 (webtiles) character file.

Game seed: 10423986473251591448, levelgen mode: deterministic

243 Peloso the Covered (level 5, -7/47 HPs)
             Began as a Minotaur Fighter on Feb 19, 2020.
             Mangled by an orc
             ... wielding a +2 hand axe of electrocution
              (13 damage)
             ... on level 3 of the Dungeon.
             The game lasted 00:02:40 (1976 turns).

Peloso the Covered (Minotaur Fighter)               Turns: 1976, Time: 00:02:41

Health: -7/47      AC:  9    Str: 20    XL:     5   Next: 82%
Magic:  4/4        EV:  6    Int:  5    God:
Gold:   79         SH:  9    Dex: 11    Spells: 4/4 levels left

rFire    . . .     SeeInvis .   a - +0 long sword
rCold    . . .     Gourm    .   c - +0 shield
rNeg     . . .     Faith    .   k - +0 chain mail
rPois    .         Spirit   .   (helmet restricted)
rElec    .         Reflect  .   (no cloak)
rCorr    .         Harm     .   (no gloves)
MR       .....                  (no boots)
Stlth    ..........             (no amulet)
HPRegen  0.15/turn              (no ring)
MPRegen  0.09/turn              (no ring)

@: no status effects
A: retaliatory headbutt, horns 2
a: no special abilities


You were on level 3 of the Dungeon.
You were hungry.

You visited 1 branch of the dungeon, and saw 3 of its levels.

You collected 79 gold pieces.

Inventory:

Hand Weapons
 a - a +0 long sword (weapon)
Armour
 b - a +0 scale mail
 c - a +0 shield (worn)
 k - a +0 chain mail (worn)
Scrolls
 g - a scroll of immolation {unknown}
 i - a scroll of remove curse {unknown}
 j - a scroll of noise {unknown}
 l - 2 scrolls of teleportation {unknown}
 o - 2 scrolls of identify {unknown}
 q - a scroll of enchant armour {unknown}
Potions
 d - 3 potions of might
 e - 2 potions of curing
 h - 2 potions of haste
 m - a potion of flight
 p - a potion of cancellation {unknown}
 r - a potion of berserk rage {unknown}
Comestibles
 f - 5 rations
 n - a chunk of flesh


   Skills:
 + Level 4.8 Fighting
 + Level 4.6 Long Blades
 + Level 4.9 Armour
 + Level 0.7 Dodging
 + Level 4.8 Shields


You had 4 spell levels left.
You didn't know any spells.
Your spell library was empty.

Dungeon Overview and Level Annotations

Branches:
Dungeon (3/15)

Altars:


Innate Abilities, Weirdness & Mutations

You reflexively headbutt those who attack you in melee.
You have a pair of horns on your head.


Message History

You kill the orc wizard!
The orc hits you but does no damage.
Things that are here:
a +0 dagger; a +0 robe The orc hits you but does no damage.
You are electrocuted!!
* * * LOW HITPOINT WARNING * * *
You closely miss the orc. Your headbutt misses the orc.
The orc barely misses you. The orc hits you but does no damage.
You block the orc's attack.
You slash the orc!
You kill the orc!
The orc barely misses you. You furiously retaliate!
You headbutt the orc.
The orc hits you with a +2 hand axe of electrocution.
* * * LOW HITPOINT WARNING * * *
Things that are here:
a +0 hand axe; a +0 dagger; a +0 robe Your shield and chain mail prevent you from hitting the orc.
You block the orc's attack. The orc hits you but does no damage.
You are electrocuted!
You die...

#.##.
#.....†........
......##.#.#.##.#..
#.#####..........
##..)....<##..#.#.
#..$#####.# #.# #
#...# #.# .#
#..†#####.# .#
#.......... .#
#####..@###.#.#
........o.....#
..............#
..............#
#####...###.#.#
#.... .... #...#
### #...# #...#


You could see an orc.

Vanquished Creatures
  A howler monkey (D:2)
  2 orc wizards (D:3)
  An orc priest (D:3)
  4 adders (D:2)
  4 oozes
  2 dart slugs
  A leopard gecko (D:3)
  2 orcs (D:3)
  3 ball pythons (D:1)
  7 bats
  5 giant cockroaches
  2 goblins
  8 hobgoblins
  5 kobolds
  3 quokkas (D:2)
  2 frilled lizards (D:2)
  8 rats
60 creatures vanquished.

Notes
Turn   | Place    | Note
-------+----------+-------------------------------------------
     0 | D:1      | Peloso the Minotaur Fighter began the quest for the Orb.
     0 | D:1      | Reached XP level 1. HP: 19/19 MP: 0/0
   106 | D:1      | Reached XP level 2. HP: 25/27 MP: 1/1
   612 | D:1      | Reached XP level 3. HP: 22/33 MP: 2/2
   815 | D:2      | Reached XP level 4. HP: 23/41 MP: 3/3
  1372 | D:2      | Reached XP level 5. HP: 47/47 MP: 4/4
  1976 | D:3      | Mangled by an orc

Levels and vault maps discovered:
D:1:      wander_arrival_desolate, layout_loops_corners, chequers_jeans
D:2:      wad_river_or_something, layout_basic, grunt_ministairs_1
D:3:      layout_loops_cross, uniq_natasha

Skill      XL: |  1  2  3  4 |
---------------+-------------+-----
Armour         | 4 |  4.9
Fighting       | 4 |  4.8
Shields        | 4 |  4.8
Long Blades    | 3 4 |  4.6
Dodging        | |  0.7

Action                   |  1- 3 |  4- 6 || total
-------------------------+-------+-------++-------
Melee: Long sword        |    46 |    90 ||   136
       Headbutt          |     8 |    17 ||    25
  Use: Potion            |     2 |     1 ||     3
  Eat: Chunk             |       |     3 ||     3
Armor: Scale mail        |    23 |     1 ||    24
       Chain mail        |       |    60 ||    60
Dodge: Dodged            |    16 |    22 ||    38
Block: Shield            |    29 |    49 ||    78
       Rpst.: Long sword |     5 |     9 ||    14
